 Dungeon Crawl Stone Soup version 0.22.0-18-ge075c0d (webtiles) character file.

7293 Faca the Basher (level 11, -7/74 HPs)
             Began as a Gargoyle Fighter on Aug 18, 2018.
             Was a High Priest of Okawaru.
             Killed from afar by Erolcha (26 damage)
             ... with an orb of energy
             ... while paralysed by Erolcha
             ... on level 10 of the Dungeon.
             The game lasted 00:28:22 (10389 turns).

Faca the Basher (Gargoyle Fighter)                 Turns: 10389, Time: 00:28:22

Health: -7/74      AC: 23    Str: 21    XL:     11   Next: 13%
Magic:  9/11       EV:  2    Int: 10    God:    Okawaru [*****.]
Gold:   491        SH:  0    Dex: 10    Spells: 10/10 levels left

rFire    . . .     SeeInvis .   a - +0 flail
rCold    . . .     Gourm    .   c - +0 shield
rNeg     + . .     Faith    .   x - +0 chain mail
rPois    ∞         Spirit   .   g - +0 helmet
rElec    +         Reflect  .   C - +0 cloak
rCorr    .         Harm     .   (no gloves)
MR       .....                  (no boots)
Stlth    ..........             (no amulet)
HPRegen  0.22/turn              (no ring)
MPRegen  0.12/turn              (no ring)

@: paralysed, heroism
A: negative energy resistance 1, electricity resistance, unbreathing,
petrification resistance, rot immunity, AC +8
a: Heroism, Finesse, Renounce Religion


You were on level 10 of the Dungeon.
You worshipped Okawaru.
Okawaru was extremely pleased with you.
You were not hungry.

You visited 1 branch of the dungeon, and saw 10 of its levels.

You collected 491 gold pieces.

Inventory:

Hand Weapons
 a - a +0 flail (weapon)
 s - a +0 morningstar
Missiles
 b - 5 tomahawks of returning (quivered)
 k - 3 throwing nets
Armour
 c - a +0 shield (worn)
 g - a +0 helmet (worn)
 w - a +0 plate armour
 x - a +0 chain mail (worn)
 C - a +0 cloak (worn)
Jewellery
 t - an uncursed amulet of regeneration {unknown}
Wands
 m - a wand of paralysis (13)
Scrolls
 i - a scroll of enchant weapon {unknown}
 l - 8 scrolls of remove curse
 u - 2 scrolls of teleportation
 y - a scroll of blinking
 z - a scroll of magic mapping {unknown}
 A - a scroll of vulnerability {unknown}
 B - a scroll of torment {unknown}
 D - a scroll of enchant armour {unknown}
 F - a scroll of noise {unknown}
 G - a scroll of random uselessness {unknown}
Potions
 d - 5 potions of curing
 e - a potion of berserk rage
 h - a potion of mutation {unknown}
 j - a potion of heal wounds
 n - 3 potions of lignification {unknown}
 o - 2 potions of degeneration {unknown}
 p - 2 potions of resistance
 q - 3 potions of brilliance {unknown}
 r - a potion of cancellation {unknown}
 v - a potion of haste {unknown}
 E - a potion of flight {unknown}
Comestibles
 f - 25 rations


   Skills:
 + Level 11.2(16.2) Fighting
 + Level 11.8(16.8) Maces & Flails
 - Level 1.3(6.3) Throwing
 + Level 7.8(12.8) Armour
 - Level 3.2(8.2) Shields


You had 10 spell levels left.
You didn't know any spells.
Your spell library was empty.

Dungeon Overview and Level Annotations

Branches:
Dungeon (10/15)            Temple (0/1) D:6
   Lair: D:8-11         Orc: D:9-12

Altars:
Ashenzari
Cheibriados
Elyvilon
Gozag
Okawaru
Ru
Sif Muna
Trog
Vehumet
Xom
Yredelemnul
The Shining One

Annotations:
D:10 Erolcha


Innate Abilities, Weirdness & Mutations

You are resistant to torment.
Your stone body is resilient. (AC +8)
You are immune to poison.
You resist negative energy. (rN+)
You are resistant to electric shocks. (rElec)
You can survive without breathing.
You are immune to petrification.
You are immune to rotting.


Message History

Erolcha hits you with a giant club!
Erolcha zaps a wand.
You shrug off the repeated paralysis!
You can move again.
You hit Erolcha.
Erolcha is moderately wounded.
Erolcha points at you and mumbles some strange words.
The orb of energy hits you!
The orb of energy explodes!
You closely miss Erolcha.
Erolcha is moderately wounded.
You gain the combat prowess of a mighty hero.
Erolcha zaps a wand.
You shrug off the repeated paralysis!
You thump Erolcha!
Erolcha is severely wounded.
Erolcha zaps a wand.
You suddenly lose the ability to move!
Erolcha hits you with a giant club. Erolcha hits you with a giant club!
* * * LOW HITPOINT WARNING * * *
Erolcha gestures at you while chanting.
Helpless, you fail to dodge the orb of energy.
You die...

#................
#................
#.####...........
#.####..........####+###
#...............#......#
#..<......#+#####......#
#...)..##.'....#........
#......##.#...O#........
#......##.#...@#........
#......##.#...>'........
#.........#....##......#
#.........#....# ......#
#.........#....# ......#
#..)......#....# ......#
#..######.#....# .......
#.. #.#....# ....... #.
#.#....# #######


You could see Erolcha.

Vanquished Creatures
  A two-headed ogre (D:9)
  An unseen horror (D:9)
  Maurice (D:8)
  2 hornets
  A troll (D:9)
  Prince Ribbit (D:6)
  A wyvern (D:9)
  4 yaks (D:8)
  A warg (D:10)
  A soldier ant (D:9)
  5 orc warriors
  4 sky beasts
  2 ice beasts
  A necrophage (D:6)
  8 centaurs
  3 ogres
  A crocodile (D:9)
  3 scorpions
  11 killer bees
  3 crimson imps
  A howler monkey (D:6)
  A bullfrog zombie (D:8)
  A quasit (D:8)
  5 hounds
  8 orc priests
  A jelly (D:8)
  7 orc wizards
  2 iguanas
  9 worker ants
  A killer bee zombie (D:9)
  A hound skeleton (D:7)
  A howler monkey zombie (D:6)
  A howler monkey skeleton (D:4)
  5 gnolls
  8 adders
  2 shadow imps
  2 oozes
  An adder skeleton (D:8)
  5 worms
  3 dart slugs
  3 leopard geckos
  28 orcs
  A ball python (D:3)
  6 giant cockroaches
  4 goblins
  7 hobgoblins
  12 jackals
  2 quokkas
  6 bats
  4 frilled lizards (D:2)
  6 kobolds
  A leopard gecko zombie (D:6)
  A quokka skeleton (D:8)
  6 rats
207 creatures vanquished.

Notes
Turn   | Place    | Note
-------+----------+-------------------------------------------
     0 | D:1      | Faca the Gargoyle Fighter began the quest for the Orb.
     0 | D:1      | Reached XP level 1. HP: 14/14 MP: 1/1
   108 | D:1      | Reached XP level 2. HP: 19/19 MP: 2/2
   443 | D:1      | Reached XP level 3. HP: 21/24 MP: 3/3
  1015 | D:2      | Reached XP level 4. HP: 28/29 MP: 4/4
  1659 | D:3      | Reached XP level 5. HP: 22/34 MP: 5/5
  1999 | D:4      | Found an iron altar of Okawaru.
  2008 | D:4      | Became a worshipper of Warmaster Okawaru
  2105 | D:4      | Reached skill level 5 in Maces & Flails
  2118 | D:4      | Noticed an ogre
  2135 | D:4      | Reached XP level 6. HP: 39/40 MP: 6/6
  2138 | D:4      | Reached * piety under Okawaru
  2138 | D:4      | Reached skill level 5 in Fighting
  2303 | D:4      | Found a radiant altar of Vehumet.
  2303 | D:4      | Found a bloodstained altar of Trog.
  2303 | D:4      | Found an opulent altar of Gozag.
  2480 | D:5      | Entered Level 5 of the Dungeon
  2590 | D:5      | Reached XP level 7. HP: 21/44 MP: 7/7
  2911 | D:5      | Found a white marble altar of Elyvilon.
  3001 | D:5      | Reached ** piety under Okawaru
  3133 | D:5      | Reached XP level 8. HP: 51/52 MP: 8/8
  3271 | D:5      | Found a basalt altar of Yredelemnul.
  4148 | D:6      | Found a snail-covered altar of Cheibriados.
  4197 | D:6      | Noticed Prince Ribbit
  4220 | D:6      | Killed Prince Ribbit
  4220 | D:6      | Reached *** piety under Okawaru
  4220 | D:6      | Reached XP level 9. HP: 40/59 MP: 6/9
  4806 | D:6      | Found a staircase to the Ecumenical Temple.
  5745 | D:7      | Reached skill level 10 in Maces & Flails
  6761 | D:8      | Noticed Maurice
  6783 | D:8      | Killed Maurice
  6783 | D:8      | Reached **** piety under Okawaru
  6783 | D:8      | Reached skill level 1 in Throwing
  6792 | D:8      | Reached XP level 10. HP: 66/66 MP: 8/10
  6917 | D:8      | Reached skill level 5 in Armour
  7498 | D:9      | Reached skill level 10 in Fighting
  8111 | D:9      | Found a shattered altar of Ashenzari.
  8112 | D:9      | Found a deep blue altar of Sif Muna.
  8157 | D:9      | Found a shimmering altar of Xom.
  8165 | D:9      | Found a bloodstained altar of Trog.
  8319 | D:9      | Found a sacrificial altar of Ru.
  8319 | D:9      | Noticed a two-headed ogre
  8349 | D:9      | Killed a two-headed ogre
  8577 | D:9      | Reached ***** piety under Okawaru
  8765 | D:9      | Found a glowing golden altar of the Shining One.
  8997 | D:9      | Killed an unseen horror
  8997 | D:9      | Received a gift from Okawaru
  9251 | D:9      | Reached XP level 11. HP: 64/73 MP: 11/11
  9948 | D:10     | Entered Level 10 of the Dungeon
 10363 | D:10     | Noticed Erolcha
 10377 | D:10     | Paralysed by Erolcha for 5 turns
 10386 | D:10     | Paralysed by Erolcha for 4 turns
 10389 | D:10     | Killed from afar by Erolcha

Skill      XL: |  1  2  3  4  5  6  7  8  9 10 11 |
---------------+----------------------------------+-----
Maces & Flails | 3 4 5 6 7 9 10 11 | 11.8
Fighting       | 4 5 6 7 9 10 11 | 11.2
Armour         | 4 7 |  7.8
Throwing       | 1 |  1.3
Shields        | |  3.2

Action                   |  1- 3 |  4- 6 |  7- 9 | 10-12 || total
-------------------------+-------+-------+-------+-------++-------
Melee: Flail             |   154 |   193 |   463 |   381 ||  1191
Throw: Throwing net      |       |       |     1 |       ||     1
       Tomahawk          |       |       |     1 |       ||     1
Invok: Heroism           |       |       |     7 |     5 ||    12
  Use: Scroll            |       |     6 |     2 |     1 ||     9
       Potion            |       |     1 |     1 |     1 ||     3
  Eat: Chunk             |     1 |       |       |     1 ||     2
       Ration            |       |     2 |     4 |     3 ||     9
Armor: Scale mail        |    83 |   109 |    63 |       ||   255
       Chain mail        |       |       |   151 |   213 ||   364
Dodge: Dodged            |    41 |    57 |   111 |    68 ||   277
Block: Shield            |    76 |    71 |   182 |   149 ||   478
